 Dungeon Crawl Stone Soup version 0.25.1-2-g60ff931df9 (webtiles) character file.

Game seed: 16044680344761879206

1400 hjallnonce the Chopper (level 8, -14/70 HPs)
             Began as a Minotaur Fighter on Nov 7, 2020.
             Killed from afar by a wretched star (27 damage)
             ... with a lance of force
             ... on level 1 of the Abyss.
             The game lasted 00:28:47 (6172 turns).

hjallnonce the Chopper (Minotaur Fighter)           Turns: 6172, Time: 00:28:48

Health: -14/70     AC:  8    Str: 21      XL:     8   Next: 41%
Magic:  7/7        EV:  9    Int:  6      God:
Gold:   258        SH: 11    Dex:  9 (11) Spells: 7/7 levels left

rFire    x . .     SeeInvis .   a - +0 war axe
rCold    + . .     Gourm    .   c - +1 kite shield
rNeg     . . .     Faith    .   b - +0 scale mail
rPois    .         Spirit   .   (helmet restricted)
rElec    .         Reflect  .   (no cloak)
rCorr    .         Harm     .   (no gloves)
MR       .....                  (no boots)
Stlth    ..........             v - amulet of magic regeneration
HPRegen  0.21/turn              q - ring of ice
MPRegen  0.35/turn              (no ring)

@: no status effects
A: retaliatory headbutt, horns 2, [no potion heal 2]
a: no special abilities


You were on level 1 of the Abyss.
You were hungry.

You visited 1 branch of the dungeon, and saw 6 of its levels.
You visited the Abyss 1 time.

You collected 258 gold pieces.

Inventory:

Hand Weapons
 a - a +0 war axe (weapon)
 e - a +0 hunting sling
 f - a +0 shortbow
Missiles
 g - 27 arrows
 w - 20 poisoned darts (quivered)
Armour
 b - a +0 scale mail (worn)
 c - a +1 kite shield (worn)
Magical Staves
 z - an uncursed staff of air
Jewellery
 q - a ring of ice (left hand)
 v - an amulet of magic regeneration (around neck)
Wands
 x - a wand of clouds (14)
Scrolls
 h - 2 scrolls of identify
 k - a scroll of remove curse
 m - 5 scrolls of teleportation
 r - a scroll of immolation
 y - a scroll of enchant armour
 A - a scroll of noise {unknown}
Potions
 i - a potion of haste {unknown}
 j - a potion of lignification {unknown}
 l - 2 potions of magic
 n - 3 potions of curing
 o - 2 potions of flight {unknown}
 s - a potion of brilliance {unknown}
Miscellaneous
 u - a box of beasts
Comestibles
 B - 7 rations


   Skills:
 + Level 5.6 Fighting
 + Level 7.6 Axes
 + Level 7.5 Armour
 + Level 2.4 Dodging
 + Level 0.2 Stealth
 + Level 6.5 Shields


You had 7 spell levels left.
You didn't know any spells.
Your spell library contained the following spells:

 Spells                   Type           Power        Failure   Level  Hunger
 Beastly Appendage        Tmut           #.....       98%         1    ##.....
 Sticks to Snakes         Tmut           #.......     99%         2    ###....
 Spider Form              Tmut/Pois      #.........   100%        3    ####...
 Ice Form                 Ice/Tmut       #.......     100%        4    #####..
 Blade Hands              Tmut           #.........   100%        5    ######.


Dungeon Overview and Level Annotations

Branches:
Dungeon (6/15)
 Temple: D:4-7

Altars:
Gozag

Annotations:
D:6 Blork the orc


Innate Abilities, Weirdness & Mutations

You reflexively headbutt those who attack you in melee.
You have a pair of horns on your head.
[Potions are poor at restoring your health.]


Message History

HP restored.
A wretched star comes into view.
Press: ? - help, . - travel You can't see that place.
The wretched star glows turbulently.
The lance of force hits you!
You are knocked back by the lance of force.
You slam into the crystal wall!
The wretched star pulses with an eldritch light!
Your system partially rejects the healing effects of potions.
Your system mostly rejects the healing effects of potions.
The wretched star glows turbulently.
The lance of force hits you!
* * * LOW HITPOINT WARNING * * *
You are knocked back by the lance of force.
You slam into the crystal wall!
* * * LOW HITPOINT WARNING * * *
The wretched star glows turbulently.
The lance of force hits you!!
You die...

#.#. .## .
......# ### ..
....## ... ..
..#..#..## ..#.
....#...#
###...###..#...#
##..###..##..#..#
# ..##.@..*..#
#.#.#..####.##...
. ##...##..####
..##..........#
.......#. ####
##.#.#..# ###
_.#...### #.## ##
...# ###.# #.#..
#.#.#


You could see a wretched star.

Vanquished Creatures
  A wyvern (D:5)
  An ice beast (D:5)
  A centaur (D:5)
  A bullfrog (D:5)
  2 scorpions (D:5)
  A howler monkey (D:5)
  A bullfrog zombie (D:5)
  3 crimson imps (D:5)
  A quasit (D:6)
  4 orc wizards
  An orc priest (D:3)
  3 bullfrog skeletons
  2 centaur skeletons
  An iguana (D:5)
  Natasha (thrice) (D:2)
  2 worker ants (D:5)
  Robin (D:2)
  A howler monkey skeleton (D:5)
  11 adders
  4 gnolls
  A shadow imp (D:5)
  An ooze (D:2)
  A worm (D:3)
  3 dart slugs
  5 leopard geckos
  23 orcs
  3 giant cockroaches
  9 goblins
  8 hobgoblins
  2 jackals (D:3)
  4 kobolds
  4 quokkas
  2 ball pythons (D:1)
  3 bats
  A frilled lizard (D:3)
  A giant cockroach zombie (D:5)
  A jackal zombie (D:5)
  A leopard gecko skeleton (D:4)
  5 rats
123 creatures vanquished.

Notes
Turn   | Place    | Note
-------+----------+-------------------------------------------
     0 | D:1      | hjallnonce the Minotaur Fighter began the quest for the
                  | Orb.
     0 | D:1      | Reached XP level 1. HP: 19/19 MP: 0/0
  1202 | D:2      | Reached XP level 2. HP: 27/27 MP: 1/1
  1253 | D:2      | Noticed Natasha
  1263 | D:2      | Killed Natasha
  1263 | D:2      | Reached XP level 3. HP: 30/33 MP: 2/2
  1734 | D:2      | Noticed Natasha
  1741 | D:2      | Killed Natasha
  1741 | D:2      | Reached XP level 4. HP: 25/40 MP: 3/3
  1943 | D:2      | Noticed Robin
  1957 | D:2      | Killed Robin
  1963 | D:2      | Reached skill level 5 in Armour
  2040 | D:2      | Noticed Natasha
  2085 | D:2      | Killed Natasha
  2085 | D:2      | Reached skill level 1 in Dodging
  2085 | D:2      | Reached XP level 5. HP: 19/47 MP: 4/4
  3546 | D:3      | Reached XP level 6. HP: 53/53 MP: 5/5
  3774 | D:4      | Found an opulent altar of Gozag.
  4365 | D:5      | Entered Level 5 of the Dungeon
  4595 | D:5      | Reached skill level 5 in Axes
  4701 | D:5      | Reached XP level 7. HP: 60/60 MP: 6/6
  4935 | D:5      | Reached skill level 5 in Shields
  4954 | D:5      | Reached skill level 5 in Fighting
  5482 | D:5      | Noticed a wyvern
  5487 | D:5      | Reached XP level 8. HP: 68/68 MP: 7/7
  6054 | D:6      | Noticed Blork the orc
  6061 | D:6      | Cast into level 1 of the Abyss (Blork the orc)
  6078 | Abyss:1  | Found a corrupted altar of Lugonu.
  6167 | Abyss:1  | Noticed a wretched star
  6172 | Abyss:1  | Killed from afar by a wretched star

Illustrated notes

Levels and vault maps discovered:
D:1:      giann_wishing_wells, layout_basic, hangedman_decor_peaks_small
D:2:      layout_loops_ring, serial_rivers, chequers_serial_rivers_small_a,
          chequers_serial_rivers_marsh, chequers_serial_rivers_micro_b,
          chequers_serial_rivers_small_b, uniq_robin, uniq_natasha
D:3:      layout_loops_ring
D:4:      layout_cave_pools, nicolae_gozag_seed_capital, first_ration,
          minmay_stone_trees_small
D:5:      minmay_clustersquares, layout_basic, minmay_joined_circles
D:6:      layout_basic, minmay_temple_entry_nine_rooms, uniq_blork_the_orc
Abyss:1:  base:
D:5

Skill      XL: |  1  2  3  4  5  6  7  8 |
---------------+-------------------------+-----
Armour         | 4 5 6 7 |  7.5
Fighting       | 4 5 |  5.6
Axes           | 3 5 7 |  7.6
Shields        | 4 5 6 |  6.5
Dodging        | 1 2 |  2.4
Stealth        | |  0.2

Action                   |  1- 3 |  4- 6 |  7- 9 || total
-------------------------+-------+-------+-------++-------
Melee: War axe           |    56 |   194 |   140 ||   390
       Headbutt          |     6 |    31 |    23 ||    60
       Unarmed           |       |     3 |       ||     3
Throw: Dart              |       |       |     2 ||     2
Evoke: Box of beasts     |       |       |     1 ||     1
  Use: Scroll            |       |     9 |     2 ||    11
       Potion            |       |     3 |     2 ||     5
  Eat: Chunk             |     3 |     6 |     4 ||    13
       Ration            |       |     1 |       ||     1
Armor: Scale mail        |    28 |    82 |    48 ||   158
       Skin              |       |     1 |       ||     1
Dodge: Dodged            |    17 |    33 |    55 ||   105
Block: Kite shield       |    34 |   100 |   102 ||   236
